 Dungeon Crawl Stone Soup version 0.21-a0-584-g185da8e (webtiles) character file.

33 KristoblXynda the Chucker (level 3, -5/29 HPs)
             Began as a Draconian Hunter on Dec 20, 2017.
             Slain by a worm (9 damage)
             ... on level 2 of the Dungeon.
             The game lasted 00:01:45 (953 turns).

KristoblXynda the Chucker (Draconian Hunter)         Turns: 953, Time: 00:01:46

Health: -5/29      AC:  5    Str: 15    XL:     3   Next: 12%
Magic:  3/3        EV: 12    Int: 11    God:
Gold:   47         SH:  0    Dex: 11    Spells: 2/2 levels left

rFire    . . .     SeeInvis .   a - +0 short sword
rCold    . . .     Gourm    .   (no shield)
rNeg     . . .     Faith    .   (armour unavailable)
rPois    .         Spirit   .   (helmet restricted)
rElec    .         Reflect  .   (no cloak)
rCorr    .         Harm     .   (no gloves)
MR       .....                  (no boots)
Stlth    +.........             (no amulet)
HPRegen  0.09/turn              (no ring)
MPRegen  0.08/turn              (no ring)

@: no status effects
A: unfitting armour, cold-blooded, AC +5
a: no special abilities


You were on level 2 of the Dungeon.
You were not hungry.

You visited 1 branch of the dungeon, and saw 2 of its levels.

You collected 47 gold pieces.

Inventory:

Hand Weapons
 a - a +0 short sword (weapon)
Missiles
 b - 6 javelins
 c - 2 throwing nets
 e - 2 tomahawks (quivered)
Scrolls
 g - a scroll of enchant weapon {unknown}
 h - a scroll of immolation {unknown}
 i - a scroll of identify {unknown}
Potions
 f - a potion of brilliance {unknown}
Comestibles
 d - 2 rations


   Skills:
 - Level 2.1 Fighting
 + Level 4.1 Throwing
 + Level 2.6 Dodging
 - Level 0.8 Stealth


You had 2 spell levels left.
You didn't know any spells.

Dungeon Overview and Level Annotations

Branches:
Dungeon (1/15)

Altars:


Innate Abilities, Weirdness & Mutations

Your plain brown scales are hard. (AC +5)
You cannot fit into any form of body armour.
You are cold-blooded and may be slowed by cold attacks.


Message History

A worm comes into view.
There is an open door here.
A worm is nearby!
A worm is nearby!
A worm is nearby!
Found a dagger.
You barely miss the worm. The worm bites you!
You hit the worm.
Your tail-slap misses the worm.
The worm is lightly wounded.
The worm bites you!
You hit the worm.
The worm is moderately wounded.
You hit the worm.
The worm is heavily wounded.
The worm bites you.
* * * LOW HITPOINT WARNING * * *
You hit the worm. You tail-slap the worm.
The worm is almost dead.
The worm bites you!
You die...

#. ..# ### #.# #....#.#
#....#.# . #....#.#
.##....#.##########
...........@w....).
#....#'##########
#..........#
##......)...#
#.....†.....#
#....##'##########
#.#####....##..........#
...........##..........#
.#####....##..........#


You could see a worm.

Vanquished Creatures
  A dart slug (D:1)
  A leopard gecko (D:1)
  5 bats
  A giant cockroach (D:1)
  3 goblins (D:1)
  8 hobgoblins
  A ball python (D:2)
  3 frilled lizards
  A kobold (D:2)
  2 rats
26 creatures vanquished.

Notes
Turn   | Place    | Note
-------+----------+-------------------------------------------
     0 | D:1      | KristoblXynda the Draconian Hunter began the quest for the Orb.
     0 | D:1      | Reached XP level 1. HP: 17/17 MP: 1/1
   437 | D:1      | Reached XP level 2. HP: 17/24 MP: 2/2
   516 | D:1      | Reached skill level 4 in Throwing
   797 | D:1      | You fall through a shaft!
   872 | D:2      | Reached XP level 3. HP: 29/29 MP: 3/3
   953 | D:2      | Slain by a worm

Vault maps used:
D:1:      zaba_arrival_water, serial_park_tiny_2
D:2:      minitemple, tgw_fedhas

Skill      XL: |  1  2 |
---------------+-------+-----
Dodging        | 2 |  2.6
Throwing       | 4 |  4.1
Fighting       | |  2.1
Stealth        | |  0.8

Action                   || total
-------------------------++-------
Melee: Short sword       ||   111
       Tailslap          ||     8
Throw: Tomahawk          ||     4
       Javelin           ||     2
 Stab: Sleeping          ||     1
Armor: Skin              ||    37
Dodge: Dodged            ||    80

Table legend:
 A = Spawn XP
 B = Non-spawn XP
 C = Spawn XP percentage of total XP
 D = Spawn monster count
 E = Non-spawn monster count
 F = Spawn count percentage of total count
 G = Total turns spent on level
                    A         B        C        D         E        F      G
               +---------+---------+-------+---------+---------+-------+---------
         Total |       0 |      48 |   0.0 |       0 |      26 |   0.0 |   953
               +---------+---------+-------+---------+---------+-------+---------
           D:1 |       0 |      35 |   0.0 |       0 |      17 |   0.0 |   797
           D:2 |       0 |      13 |   0.0 |       0 |       9 |   0.0 |   156
               +---------+---------+-------+---------+---------+-------+---------
